 Dungeon Crawl Stone Soup version 0.29-a0-6-ga859fcf985 (webtiles) character file.

Game seed: 152557050057610669

16093 GordonOverkill the Cleaver (level 12, -4/95 HPs)
             Began as a Mummy Delver on Jan 27, 2022.
             Was an Initiate of Gozag.
             Slain by a boulder beetle (24 damage)
             ... on level 12 of the Dungeon.
             The game lasted 00:42:17 (19567 turns).

GordonOverkill the Cleaver (Mummy Delver)          Turns: 19567, Time: 00:42:18

Health: -4/95      AC: 17    Str: 16    XL:     12   Next: 7%
Magic:  0/18       EV:  8    Int: 13    God:    Gozag
Gold:   564        SH:  6    Dex: 16    Spells: 16/19 levels left

rFire   . . .      SeeInvis .   z - +3 hand axe (elec)
rCold   + + +      Faith    .   D - +1 buckler {rF+}
rNeg    + + +      Spirit   +   B - +2 plate armour of Zin's Pride {rC+ Dex+2}
rPois   ∞          Reflect  .   J - +0 helmet
rElec   .          Harm     .   l - +1 cloak
rCorr   .          Rampage  .   (no gloves)
Will    +....                   t - +1 pair of boots
Stlth   ..........              a - amulet of guardian spirit
HPRegen 0.25/turn               d - ring of protection from cold
MPRegen 0.16/turn               x - +4 ring of evasion

@: about to teleport, gold aura
A: cold resistance 1, negative energy resistance 3, torment resistance 2, heat
vulnerability 1, no potions
a: Renounce Religion, Potion Petition, Call Merchant, Bribe Branch


You were on level 12 of the Dungeon.
You worshipped Gozag.
Gozag was pleased with you.
You visited 2 branches of the dungeon, and saw 15 of its levels.

You collected 2768 gold pieces.
You spent 1310 gold pieces at shops.
You paid 894 gold pieces to Gozag.

Inventory:

Hand Weapons
 b - a +0 war axe
 o - a +3 spear
 q - a +1 whip of electrocution
 z - a +3 hand axe of electrocution (weapon)
Missiles
 p - 30 poisoned darts (quivered)
 s - 4 throwing nets
 I - 2 curare-tipped darts
Armour
 l - a +1 cloak (worn)
 r - a +2 buckler of cold resistance
 t - a +1 pair of boots (worn)
 A - a +1 chain mail of willpower
 B - the +2 plate armour of Zin's Pride (worn) {rC+ Dex+2}
   (You bought it in a shop on level 7 of the Dungeon)

   Dex:       It affects your dexterity (+2).
   rC:        It protects you from cold.
 D - a +1 buckler of fire resistance (worn)
 J - a +0 helmet (worn)
Jewellery
 a - an amulet of guardian spirit (around neck)
 d - a ring of protection from cold (left hand)
 e - an amulet of magic regeneration
 x - a +4 ring of evasion (right hand)
 C - a ring of protection from cold
Wands
 f - a wand of digging (1)
 g - a wand of iceblast (2)
 h - a wand of mindburst (7)
 u - a wand of acid (1)
 w - a wand of flame (22)
 F - a wand of polymorph (12)
Scrolls
 c - a scroll of fog
 i - a scroll of holy word
 j - a scroll of summoning
 k - 3 scrolls of teleportation
 m - 3 scrolls of vulnerability
 n - a scroll of brand weapon
 y - 2 scrolls of immolation
 H - 3 scrolls of identify


   Skills:
 - Level 9.0 Fighting
 * Level 11.2(11.9) Axes
 - Level 6.0(9.4) Polearms
 - Level 2.0 Throwing
 - Level 1.5 Dodging
 - Level 5.0 Stealth
 - Level 4.0 Shields
 - Level 4.0 Spellcasting
 - Level 3.0 Conjurations
 - Level 3.0 Earth Magic
 - Level 3.0 Evocations


You had 16 spell levels left.
You knew the following spells:

 Your Spells              Type           Power      Damage    Failure   Level
a - Stone Arrow           Conj/Erth      20%        3d8       100%        3

Your spell library contained the following spells:

 Spells                   Type           Power      Damage    Failure   Level
 Animate Armour           Summ/Erth      12%        N/A       100%        4
 Lehudib's Crystal Spear  Conj/Erth      5%         10d3      100%        8


Dungeon Overview and Level Annotations

Branches:
Dungeon (14/15)            Temple (1/1) D:4            Lair (0/6) D:10
    Orc (0/2) D:9
 Vaults: D:13-14

Altars:
Ashenzari
Cheibriados
Dithmenos
Elyvilon
Gozag
Makhleb
Nemelex Xobeh
Okawaru
Qazlal
Ru
Sif Muna
Trog
Vehumet
Wu Jian
Xom
Zin
The Shining One
Beogh

Shops:
D:6 [   D:7 [

Annotations:
D:9 1 runed translucent door, 2 transporters, Colgate's ghost, novice DsHu
D:11 2 transporters, Stonecrops's ghost, journeyman FoFi
D:14 Azrael


Innate Abilities, Weirdness & Mutations

You are immune to poison.
Your flesh is cold resistant. (rC+)
You are immune to negative energy. (rN+++)
You are immune to unholy pain and torment.
You are vulnerable to heat. (rF-)
You do not drink.


Message History

The cyclops is lightly wounded.
The cyclops hits you!!
You slash the cyclops!
The cyclops is moderately wounded.
The cyclops completely misses you.
You hit the cyclops.
The cyclops is moderately wounded.
The cyclops hits you!
You hit the cyclops.
The cyclops is heavily wounded.
You hit the cyclops but do no damage.
The cyclops is heavily wounded.
The cyclops hits you!
* * * LOW HITPOINT WARNING * * *
You hit the cyclops.
The cyclops is heavily wounded.
The skeletal warrior hits you from afar with a +0 trident!
* * * LOW HITPOINT WARNING * * *
You slash the cyclops!
The cyclops is severely wounded.
The cyclops hits you!
* * * LOW HITPOINT WARNING * * *
The skeletal warrior hits you from afar with a +0 trident!
* * * LOW HITPOINT WARNING * * *
You hit the cyclops. Lightning courses through the cyclops!
You kill the cyclops!
You block the skeletal warrior's attack.
Found a stone staircase leading down.
There is a stone staircase leading up here.
Okay, then.
You climb upwards.
The boulder beetle bites you!!
* * * LOW HITPOINT WARNING * * *
There is a stone staircase leading down here.
As you read the scroll of teleportation, it crumbles to dust.
You feel strangely unstable.
The boulder beetle bites you but does no damage.
The boulder beetle curls into a ball and begins rolling!
The boulder beetle hits you!!
You die...
Your body crumbles into a pile of gold.

##..#<#....# #.#
#.### #..#.'....#
#)# #...#
##.#.#....# #!#
#.###
#.#.#.#.#####.###.##
#...#.#.#..........#
##.##.#.##...####..#
#..#.........# #..#
##.#.#.......#
#..####
###...#.@.....#
#.....#
#...○.#B......#
#...#.#
#...)°○.......#
#...# #
#.....#####'###
#...# ####### #.#
###(## #.# #....#
#.# #.#..#
#)####.#..#
#......#..#


You could see a boulder beetle (rolling).

Vanquished Creatures
  A great orb of eyes (D:11)
  Erica (D:10)
  3 two-headed ogres
  Pikel (D:5)
  4 cyclopes
  A manticore (D:12)
  Maurice (D:11)
  A centaur zombie (D:11)
  A kobold demonologist (D:11)
  A freezing wraith (D:12)
  2 trolls
  A water elemental (D:14)
  3 fire elementals (D:14)
  9 yaks
  A wraith (D:11)
  A wyvern (D:8)
  2 acid dragons
  A water moccasin (D:7)
  2 hell hounds (D:14)
  12 orc warriors
  2 ice beasts
  2 sky beasts
  3 black bears
  3 necrophages
  6 ogres
  11 centaurs
  2 phantoms (D:6)
  6 kobold brigands
  2 bullfrogs
  A scorpion (D:6)
  A gnoll sergeant (D:8)
  A water moccasin zombie (D:4)
  16 killer bees
  3 wights (D:7)
  2 howler monkeys
  2 hounds
  3 bullfrog skeletons
  A bullfrog zombie (D:4)
  2 jellies (D:6)
  3 gnoll shamans
  6 orc priests
  A centaur skeleton (D:7)
  Jessica (D:2)
  4 iguanas
  8 orc wizards
  A killer bee zombie (D:8)
  A howler monkey zombie (D:6)
  20 gnolls
  2 adders
  2 river rats (D:5)
  A shadow imp (D:6)
  A white imp (D:5)
  An ufetubus (D:6)
  A worm (D:2)
  4 dart slugs
  83 orcs
  5 bats
  6 endoplasms
  2 giant cockroaches
  3 goblins
  8 hobgoblins
  9 quokkas
  7 ball pythons
  3 frilled lizards (D:1)
  10 kobolds
  A quokka skeleton (D:4)
  2 rats
314 creatures vanquished.

Vanquished Creatures (others)
  A freezing wraith (D:14)
  6 fungi (D:10)
  5 plants (D:10)
12 creatures vanquished.

Grand Total: 326 creatures vanquished

Notes
Turn   | Place    | Note
-------+----------+-------------------------------------------
     0 | D:5      | GordonOverkill the Mummy Delver began the quest for the
                  | Orb.
     0 | D:5      | Reached XP level 1. HP: 18/18 MP: 1/1
    17 | D:5      | Noticed an iguana
    35 | D:5      | Found a sacrificial altar of Ru.
    53 | D:5      | Noticed a black bear
   124 | D:6      | Found Qeteimn's Armour Boutique.
   129 | D:6      | Noticed a phantom
   141 | D:6      | Noticed a black bear
   171 | D:6      | Noticed a jelly
   190 | D:6      | Noticed an orc wizard
   222 | D:5      | Noticed a lemure
   254 | D:5      | Noticed a lemure
   347 | D:4      | Noticed an iguana
   826 | D:2      | Reached XP level 2. HP: 4/24 MP: 2/2
  1155 | D:2      | Noticed Jessica
  1363 | D:2      | Killed Jessica
  1364 | D:2      | Reached skill level 1 in Throwing
  1364 | D:2      | Reached XP level 3. HP: 29/29 MP: 3/3
  1383 | D:2      | Found a broken altar of Ashenzari.
  1861 | D:1      | Reached XP level 4. HP: 25/35 MP: 4/4
  2054 | D:1      | Reached skill level 5 in Stealth
  2909 | D:2      | Noticed a black bear
  3154 | D:2      | Killed a black bear
  3155 | D:2      | Reached XP level 5. HP: 31/42 MP: 5/5
  3422 | D:2      | Found a broken altar of Ashenzari.
  3839 | D:3      | Found a broken altar of Ashenzari.
  4110 | D:4      | Found a snail-covered altar of Cheibriados.
  4202 | D:4      | Found a staircase to the Ecumenical Temple.
  4212 | Temple   | Entered the Ecumenical Temple
  4273 | Temple   | Became a worshipper of Gozag Ym Sagoz the Greedy
  4358 | D:4      | Reached XP level 6. HP: 48/49 MP: 6/6
  4596 | D:4      | Reached skill level 5 in Fighting
  5415 | D:5      | Noticed a sky beast
  5425 | D:5      | Killed a sky beast
  5426 | D:5      | Reached XP level 7. HP: 49/56 MP: 5/7
  6032 | D:5      | Noticed Pikel
  6045 | D:5      | Killed Pikel
  6046 | D:5      | Reached skill level 5 in Polearms
  6046 | D:5      | Reached XP level 8. HP: 59/65 MP: 6/8
  7787 | D:6      | Reached XP level 9. HP: 72/74 MP: 7/9
  7815 | D:6      | Learned a level 3 spell: Stone Arrow
  7992 | D:6      | Found Qeteimn's Armour Boutique.
  8648 | D:7      | Found Xegoy's Antique Armour Shoppe.
  8657 | D:7      | Bought a runed buckler for 142 gold pieces
  8657 | D:7      | Bought a pair of runed boots for 142 gold pieces
  8692 | D:7      | Reached skill level 1 in Spellcasting
  8716 | D:7      | Reached skill level 1 in Conjurations
  8716 | D:7      | Reached skill level 1 in Earth Magic
  8728 | D:7      | Reached skill level 1 in Shields
  9159 | D:7      | Found a stormy altar of Qazlal.
  9283 | D:7      | Found a shimmering blue altar of Sif Muna.
 10967 | D:8      | Found a sparkling altar of Nemelex Xobeh.
 11515 | D:8      | Found a radiant altar of Vehumet.
 11598 | D:8      | Reached XP level 10. HP: 40/82 MP: 8/15
 11944 | D:8      | Reached skill level 1 in Axes
 12559 | D:7      | Bought a warped plate armour for 532 gold pieces
 12559 | D:7      | Identified the +2 plate armour of Zin's Pride {rC+ Dex+2}
                  | (You bought it in a shop on level 7 of the Dungeon)
 12892 | D:7      | Bought a runed plate armour for 494 gold pieces
 13017 | D:9      | Reached skill level 2 in Axes
 13066 | D:9      | Found a runed translucent door.
 13095 | D:9      | Found a burning altar of Makhleb.
 13095 | D:9      | Noticed a sixfirhy
 13101 | D:9      | Found a staircase to the Orcish Mines.
 13150 | D:9      | Found a transporter.
 13176 | D:9      | Reached skill level 3 in Axes
 13277 | D:9      | Noticed a moth of wrath
 13302 | D:9      | Found a transporter.
 13330 | D:9      | Noticed Colgate's ghost (novice DsHu)
 13394 | D:10     | Entered Level 10 of the Dungeon
 13538 | D:10     | Reached skill level 4 in Axes
 13907 | D:10     | Found a staircase to the Lair.
 13979 | D:10     | Reached skill level 5 in Axes
 14221 | D:10     | Found a shimmering altar of Xom.
 14259 | D:10     | Found a shadowy altar of Dithmenos.
 15047 | D:10     | Reached skill level 6 in Axes
 15644 | D:11     | Noticed Erica
 15780 | D:10     | Killed Erica
 15781 | D:10     | Reached skill level 7 in Axes
 15781 | D:10     | Reached XP level 11. HP: 65/89 MP: 14/17
 16169 | D:11     | You fall into a shaft and drop 3 floors!
 16169 | D:14     | Noticed Azrael
 16542 | D:13     | Reached skill level 8 in Axes
 16862 | D:11     | Noticed a two-headed ogre
 16867 | D:11     | Killed a two-headed ogre
 17083 | D:11     | Noticed Maurice
 17098 | D:11     | Killed Maurice
 17099 | D:11     | Reached skill level 9 in Axes
 17259 | D:11     | Noticed a boulder beetle
 17958 | D:11     | Found a transporter.
 17958 | D:11     | Found a transporter.
 17960 | D:11     | Noticed Stonecrops's ghost (journeyman FoFi)
 17962 | D:11     | Found a bloodstained altar of Trog.
 17963 | D:11     | Noticed a deep troll
 18134 | D:12     | Noticed a crystal guardian
 18427 | D:12     | Noticed a two-headed ogre
 18431 | D:12     | Reached skill level 10 in Axes
 18434 | D:12     | Killed a two-headed ogre
 18577 | D:12     | Noticed a great orb of eyes
 18578 | D:12     | Paralysed by a great orb of eyes for 2 turns
 18694 | D:12     | Paralysed by a great orb of eyes for 3 turns
 19004 | D:11     | Paralysed by a great orb of eyes for 2 turns
 19015 | D:11     | Killed a great orb of eyes
 19215 | D:12     | Reached skill level 11 in Axes
 19286 | D:13     | Noticed a two-headed ogre
 19297 | D:12     | Killed a two-headed ogre
 19298 | D:12     | Reached XP level 12. HP: 37/95 MP: 6/18
 19339 | D:12     | Noticed a boulder beetle
 19567 | D:12     | Slain by a boulder beetle

Illustrated notes

Levels and vault maps discovered:
D:1:      dpeg_arrival_round_b, layout_rooms, serial_curves, eino_curves_02,
          eino_curves_03
D:2:      layout_rooms, basic_altar, lightli_corner_chamber, uniq_jessica
D:3:      layout_loops_ring, old_standard_altar
D:4:      layout_gridville, mainiacjoe_overflow_tiny_flanked, temple_hall
D:5:      layout_cave_pods, nicolae_ru_awakened_eye, gup_sewer_entry_bubbles,
          uniq_pikel
D:6:      layout_loops_corners, serial_shops, nicolae_shop_behind_doors,
          hex_medium, st_stairs_13
D:7:      layout_cave_pools, mainiacjoe_overflow_surrounded_room,
          grunt_qazlal_clouds, tso_oasis_becter, serial_shops,
          nicolae_shop_waterfront
D:8:      layout_layer_cave, jmf_multi_god_temple, special_room
          [special_room_orc], grunt_decor_junction
D:9:      layout_cave_pools, nzn_makhleb_speed_demon,
          minmay_orc_entry_temple_small, gammafunk_ghost_berserking_beasts
D:10:     kennysheep_seaside_town, layout_long_grid, kennysheep_mini,
          mainiacjoe_overflow_boulevard, gammafunk_temple_overflow_wave,
          lair_entry_dummy, special_room [special_room_orc],
          minmay_misc_feat_plants
D:11:     layout_cave_pools, gammafunk_ghost_wrathful_warriors, uniq_erica,
          uniq_maurice
D:12:     layout_basic, nicolae_trove_entry_isolated, minmay_the_grid_2x2
          [minmay_the_grid_eight, minmay_the_grid_broken_lines,
          minmay_the_grid_aliased_spiral, minmay_the_grid_prize_four_corners]
D:13:     layout_basic, uniq_jorgrun
D:14:     layout_irregular_city, david_vaults_4, kennysheep_cross_room,
          serial_column_ruins, column_ruins_grid_5, column_ruins_grid_1,
          column_ruins_corridor_dead_end, column_ruins_grid_3,
          column_ruins_open_small, column_ruins_grid_1, evilmike_butchery,
          uniq_azrael, uniq_kirke, uniq_frances
Temple:   nicolae_temple_figure_zero

Skill      XL: |  1  2  3  4  5  6  7  8  9 10 11 |
---------------+----------------------------------+-----
Throwing       | 1 2 |  2.0
Stealth        | 5 |  5.0
Polearms       | 2 3 4 5 6 |  6.0
Fighting       | 4 5 6 8 9 |  9.0
Evocations     | 2 3 |  3.0
Spellcasting   | 3 4 |  4.0
Conjurations   | 2 3 |  3.0
Earth Magic    | 2 3 |  3.0
Shields        | 3 4 |  4.0
Axes           | 7 11 | 11.2
Dodging        | |  1.5

Action                   |  1- 3 |  4- 6 |  7- 9 | 10-12 || total
-------------------------+-------+-------+-------+-------++-------
Melee: Spear             |   129 |   187 |   637 |       ||   953
       Punch             |       |     3 |     9 |       ||    12
       Hand axe          |       |       |    55 |   596 ||   651
Throw: Dart              |     5 |    10 |    10 |    10 ||    35
Invok: Potion Petition   |       |       |       |     2 ||     2
Evoke: Wand              |       |     1 |    10 |    30 ||    41
  Use: Scroll            |     2 |     4 |     3 |    10 ||    19
 Stab: Sleeping          |     3 |    11 |     6 |       ||    20
       Distracted        |       |       |     4 |     2 ||     6
       Paralysed         |       |       |       |     5 ||     5
Armor: Leather armour    |    15 |       |       |       ||    15
       Ring mail         |    25 |    31 |   165 |       ||   221
       Chain mail        |       |       |    13 |     9 ||    22
       Plate armour      |       |       |       |   281 ||   281
Dodge: Dodged            |    64 |    96 |   380 |   220 ||   760
Block: Buckler           |       |       |   112 |   193 ||   305

Table legend: (Time is in decaauts)
 A = Elapsed time spent in this place.
 B = Non-inter-level travel time spent in this place.
 C = Inter-level travel time spent in this place.
 D = Time resting spent in this place.
 E = Time spent auto-exploring this place.
 F = Levels seen in this place.
 G = Mean time per level.
                   A        B        C        D        E       F      G
               +--------+--------+--------+--------+--------+-----+--------+
         Total |  19515 |  18678 |    837 |   6843 |   6937 |  15 | 1301.0 |
       Dungeon |  19442 |  18605 |    837 |   6843 |   6886 |  14 | 1388.7 |
        Temple |     73 |     73 |      0 |      0 |     51 |   1 |   73.0 |
               +--------+--------+--------+--------+--------+-----+--------+

Top non-repeatable levels by time:
     D:8: 2744 daAuts
    D:10: 2627 daAuts
     D:6: 2014 daAuts
    D:11: 1986 daAuts
     D:4: 1572 daAuts
     D:2: 1527 daAuts
     D:5: 1476 daAuts
     D:7: 1424 daAuts
     D:1: 1154 daAuts
     D:9: 872 daAuts
     D:3: 792 daAuts
    D:13: 626 daAuts
    D:12: 570 daAuts
  Temple: 73 daAuts
    D:14: 53 daAuts
